 Dungeon Crawl Stone Soup version 0.31-a0-978-g1e143483b6 (webtiles) character file.

Game seed: 8408088750462947977

158 Arzdou the Cudgeller (level 5, 0/43 HPs)
             Began as an Armataur Gladiator on Oct 30, 2023.
             Slain by a lemure (6 damage)
             ... led by Pikel
             ... on level 3 of the Dungeon.
             The game lasted 00:03:12 (2745 turns).

Arzdou the Cudgeller (Armataur Gladiator)           Turns: 2745, Time: 00:03:13

Health: 0/43       AC:  5    Str: 19    XL:     5   Next: 16%
Magic:  0/5        EV: 10    Int:  8    God:
Gold:   152        SH:  0    Dex: 14    Spells: 4/4 levels left

rFire   . . .        a - +0 flail
rCold   + . .        (no shield)
rNeg    . . .        b - +0 leather armour
rPois   .            c - +0 helmet
rElec   .            (no cloak)
rCorr   .            (no gloves)
SInv    .            (no barding)
Will    .....        s - amulet of guardian spirit
Stlth   +            f - ring of protection from cold
HPRegen 0.27/turn    (no ring)
MPRegen 0.09/turn

%: guardian spirit, roll
@: about to teleport
A: large, rugged brown scales 3, deformed body, armoured tail, roll, long
tongue, awkward tongue
a: no special abilities


You were on level 3 of the Dungeon.
You visited 1 branch of the dungeon, and saw 4 of its levels.

You collected 152 gold pieces.

Inventory:

Hand Weapons
 a - a +0 flail (weapon)
Missiles
 d - 3 throwing nets (quivered)
 e - 4 javelins
Armour
 b - a +0 leather armour (worn)
 c - a +0 helmet (worn)
Jewellery
 f - a ring of protection from cold (left hand)
 s - an amulet of guardian spirit (around neck)
 u - a +6 ring of dexterity
Scrolls
 h - 3 scrolls of teleportation
 i - a scroll of vulnerability {unknown}
 k - a scroll of amnesia {unknown}
 l - a scroll of fear {unknown}
 m - a scroll of identify
 n - a scroll of enchant weapon {unknown}
 o - a scroll of torment {unknown}
 p - a scroll of summoning {unknown}
 q - a scroll of noise {unknown}
 r - 2 scrolls of revelation {unknown}
 v - a scroll of poison {unknown}
Potions
 g - a potion of cancellation {unknown}
 j - a potion of haste {unknown}
 t - a potion of enlightenment {unknown}


   Skills:
 - Level 1.7 Fighting
 + Level 5.4 Maces & Flails
 - Level 1.7 Throwing
 - Level 2.1 Dodging


You had 4 spell levels left.
You didn't know any spells.
Your spell library contained the following spells:

 Spells                   Type           Power      Damage    Failure   Level
 Sting                    Tmut/Pois      0%         1d3       45%         1
 Poisonous Vapours        Pois/Air       0%         N/A       61%         2
 Olgreb's Toxic Radiance  Pois           0%         N/A       99%         4


Dungeon Overview and Level Annotations

Branches:
Dungeon (4/15)
 Temple: D:4-7

Altars:
Ru

Shops:
D:1 *   D:3 :

Annotations:
D:4 Pikel


Innate Abilities, Weirdness & Mutations

You are completely covered in rugged brown scales. (AC +3, +7% HP)
Armour fits poorly on your strangely shaped body.
You have a long armoured tail.
You roll when moving toward enemies. (Rampage)
Your long tongue fully drains potion bottles. (2x potion effects)
Your tongue gives you trouble enunciating. (1.5x scroll delay)


Message History

You climb upwards.
There is a stone staircase leading down here.
Unknown command.
You barely miss the lemure. The lemure hits you. The lemure barely misses you.
You hit the lemure.
The lemure is lightly wounded.
The lemure closely misses you. The lemure hits you.
You closely miss the lemure.
You tail-slap the lemure, but do no damage.
The lemure is lightly wounded.
The lemure hits you but does no damage. The lemure hits you.
You closely miss the lemure. You tail-slap the lemure!
The lemure is moderately wounded.
The lemure hits you! The lemure closely misses you.
You barely miss the lemure.
Your tail-slap misses the lemure.
The lemure is moderately wounded.
The lemure hits you. x2
You hit the lemure but do no damage.
The lemure is moderately wounded.
The lemure hits you! The lemure closely misses you.
You closely miss the lemure.
The lemure is moderately wounded.
The lemure barely misses you. The lemure hits you.
You sock the lemure!
The lemure is heavily wounded.
The lemure hits you but does no damage. The lemure barely misses you. x2
The lemure hits you!
* * * LOW HITPOINT WARNING * * *
You barely miss the lemure.
The lemure is heavily wounded.
The lemure hits you.
* * * LOW HITPOINT WARNING * * *
The lemure closely misses you.
As you slowly read the scroll labelled INTUEH QUONISIO, it crumbles to dust.
It is a scroll of identify.
h - 4 scrolls of teleportation The lemure hits you but does no damage.
The lemure closely misses you.
As you slowly read the scroll of teleportation, it crumbles to dust.
You feel strangely unstable. The lemure hits you.
You die...

#.##### ......# #....##
####.# ####.# .....#
.....# #####
.....#######...### ######
...........+...5@# #....#
########.#.#...#5####....#
# #.#.#...#.#.......# ##
#.#.#...#.#.......# .#
###.......#.........# .#
#.#...#...#.........#
.#####.#...##+##.........#
.##....#.................#
...........##.##......####


You could see 2 lemures.

Vanquished Creatures
  2 orc priests (D:3)
  A gnoll (D:3)
  3 adders (D:2)
  3 dart slugs (D:1)
  6 orcs
  5 bats
  7 endoplasms
  4 goblins
  3 hobgoblins
  6 kobolds
  2 quokkas
  5 ball pythons
  5 frilled lizards
  4 rats
56 creatures vanquished.

Notes
Turn   | Place    | Note
-------+----------+-------------------------------------------
     0 | D:1      | Arzdou the Armataur Gladiator began the quest for the Orb.
     0 | D:1      | Reached XP level 1. HP: 18/18 MP: 1/1
   141 | D:1      | Found Nogopt's Assorted Antiques.
   143 | D:1      | Reached skill level 3 in Maces & Flails
   159 | D:1      | Reached XP level 2. HP: 25/25 MP: 2/2
   190 | D:1      | Found a faded altar of an unknown god.
   788 | D:2      | Reached XP level 3. HP: 27/31 MP: 3/3
   795 | D:2      | Reached skill level 4 in Maces & Flails
  1147 | D:2      | Reached XP level 4. HP: 16/38 MP: 4/4
  2056 | D:3      | Reached skill level 5 in Maces & Flails
  2063 | D:3      | Reached XP level 5. HP: 8/43 MP: 1/5
  2229 | D:3      | Found Fuif's Book Emporium.
  2449 | D:3      | Found a sacrificial altar of Ru.
  2732 | D:4      | Noticed Pikel
  2732 | D:4      | Noticed a lemure
  2732 | D:4      | Noticed a lemure
  2732 | D:4      | Noticed a lemure
  2732 | D:4      | Noticed a lemure
  2745 | D:3      | Slain by a lemure

Illustrated notes

Levels and vault maps discovered:
D:1:      dpeg_arrival_tiny_j, layout_loops_ring, serial_shops, shop,
          shapermc_ecumenical_altar_pompeii, chequers_arboretum,
          minmay_misc_feat_rugged
D:2:      layout_loops_corners, minmay_pentomino_w4
D:3:      layout_basic, mainiacjoe_overflow_tiny_flanked, serial_shops,
          nicolae_shop_tiny_statue_garden
D:4:      layout_cave_pools, temple_green, kennysheep_generic_room_10,
          uniq_natasha, uniq_pikel

Skill      XL: |  1  2  3  4 |
---------------+-------------+-----
Maces & Flails | 3 4 5 |  5.4
Fighting       | |  1.7
Throwing       | |  1.7
Dodging        | |  2.1

Action                     |  1- 3 |  4- 6 || total
---------------------------+-------+-------++-------
  Melee: Flail             |   111 |    70 ||   181
         Tailslap          |    10 |     6 ||    16
         Punch             |     1 |     1 ||     2
    Use: Potion            |     1 |       ||     1
         Scroll            |       |     2 ||     2
 Armour: Leather armour    |   102 |    64 ||   166
  Dodge: Dodged            |    68 |    33 ||   101

Table legend: (Time is in decaauts)
 A = Elapsed time spent in this place.
 B = Non-inter-level travel time spent in this place.
 C = Inter-level travel time spent in this place.
 D = Time resting spent in this place.
 E = Time spent auto-exploring this place.
 F = Levels seen in this place.
 G = Mean time per level.
                   A        B        C        D        E       F      G
               +--------+--------+--------+--------+--------+-----+--------+
         Total |   2778 |   2700 |     78 |    252 |   2036 |   4 |  694.5 |
       Dungeon |   2778 |   2700 |     78 |    252 |   2036 |   4 |  694.5 |
               +--------+--------+--------+--------+--------+-----+--------+

Top non-repeatable levels by time:
     D:2: 1082 daAuts
     D:3: 962 daAuts
     D:1: 732 daAuts
     D:4: 1 daAuts
